 Dungeon Crawl Stone Soup version 0.28.0 (webtiles) character file.

Game seed: 16515785670887850025

504 Morbidden the Slasher (level 6, 0/49 HPs)
             Began as a Demonspawn Fighter on Feb 7, 2022.
             Was an Initiate of Cheibriados.
             Slain by Pikel (1 damage)
             ... on level 4 of the Dungeon.
             The game lasted 00:06:43 (3223 turns).

Morbidden the Slasher (Demonspawn Fighter)          Turns: 3223, Time: 00:06:44

Health: 0/49       AC: 12    Str: 18    XL:     6   Next: 96%
Magic:  6/6        EV:  7    Int: 12    God:    Cheibriados [......]
Gold:   141        SH:  6    Dex: 25    Spells: 5/5 levels left

rFire   . . .      SeeInvis .   a - +0 long sword
rCold   . . .      Faith    .   c - +0 buckler
rNeg    . . .      Spirit   .   t - +0 chain mail
rPois   .          Reflect  .   (helmet restricted)
rElec   .          Harm     .   s - +2 cloak
rCorr   .          Rampage  .   (no gloves)
Will    .....                   (no boots)
Stlth   ..........              (no amulet)
HPRegen 0.16/turn               l - +6 ring of dexterity
MPRegen 0.10/turn               r - +6 ring of dexterity

@: mighty, very slow
A: antennae 1, powered by pain 1
a: Renounce Religion


You were on level 4 of the Dungeon.
You worshipped Cheibriados.
Cheibriados was noncommittal.
You visited 1 branch of the dungeon, and saw 4 of its levels.

You collected 141 gold pieces.

Inventory:

Hand Weapons
 a - a +0 long sword (weapon)
Missiles
 h - 4 poisoned darts
Armour
 c - a +0 buckler (worn)
 p - a +0 plate armour
 s - a +2 cloak (worn)
 t - a +0 chain mail (worn)
Jewellery
 k - a ring of resist corrosion
 l - a +6 ring of dexterity (left hand)
 r - a +6 ring of dexterity (right hand)
Scrolls
 b - a scroll of fear {unknown}
 e - 3 scrolls of teleportation {unknown}
 f - a scroll of summoning {unknown}
 g - a scroll of vulnerability {unknown}
 o - 2 scrolls of immolation
 q - a scroll of identify {unknown}
Potions
 d - 2 potions of might
 i - a potion of flight {unknown}
 j - 2 potions of curing {unknown}
 m - a potion of lignification {unknown}
 u - a potion of ambrosia {unknown}


   Skills:
 * Level 4.4 Fighting
 * Level 4.9 Long Blades
 + Level 0.6 Throwing
 + Level 3.2 Armour
 * Level 1.3 Dodging
 + Level 1.4 Stealth
 + Level 3.2 Shields
 + Level 0.2 Evocations


You had 5 spell levels left.
You didn't know any spells.
Your spell library was empty.

Dungeon Overview and Level Annotations

Branches:
Dungeon (4/15)
 Temple: D:4-7

Altars:
Cheibriados
The Shining One

Shops:
D:1 !

Annotations:
D:4 Pikel


Innate Abilities, Weirdness & Mutations

You have a pair of small antennae on your head.
You sometimes gain a little power by taking damage.


Message History

Pikel is moderately wounded.
Pikel hits you with a +1 whip of flaming!
* * * LOW HITPOINT WARNING * * *
Pikel burns you.
* * * LOW HITPOINT WARNING * * *
Unknown command.
Unknown command.
You hit Pikel.
Pikel is moderately wounded.
Pikel barely misses you.
Unknown command.
Unknown command.
Unknown command.
Aiming: Paralyse
Press: ? - help, Q - select action, (/) - cycle Shift-Dir - straight line, f - Pikel
Aim: Pikel, wielding a +1 whip of flaming and wearing a +0 robe (moderately wounded, chance to affect: 49%) Pikel resists with some effort.
Pikel hits you with a +1 whip of flaming.
* * * LOW HITPOINT WARNING * * *
Pikel burns you.
* * * LOW HITPOINT WARNING * * *
Unknown command.
Unknown command.
Aiming: Paralyse
Press: ? - help, Q - select action, (/) - cycle Shift-Dir - straight line, f/p - Pikel
Aim: Pikel, wielding a +1 whip of flaming and wearing a +0 robe (moderately wounded, chance to affect: 49%) Pikel resists with some effort.
The now-empty wand crumbles to dust.
You block Pikel's attack.
Unknown command.
Unknown command.
You slash Pikel!
Pikel is almost dead.
Pikel hits you with a +1 whip of flaming.
* * * LOW HITPOINT WARNING * * *
Pikel burns you.
* * * LOW HITPOINT WARNING * * *
Pikel hits you with a +1 whip of flaming.
* * * LOW HITPOINT WARNING * * *
Pikel burns you.
You die...

####################
#..@K55g......#..... ###
#.####5g....#.#..... ...
#.# #.####...#.....
####.###.####.###.._.#.....
.....................'.>...
###........##.####.###.....
#....<....#.. .... 5.....
#.........#....#.# #.###
.................... g#


You could see Pikel, 3 lemures, a hobgoblin and a goblin.

Vanquished Creatures
  Grinder (D:3)
  Crazy Yiuf (D:2)
  Jessica (D:3)
  Terence (D:2)
  Natasha (thrice) (D:3)
  6 gnolls
  4 adders
  A worm (D:2)
  3 orcs (D:2)
  7 ball pythons
  4 endoplasms
  4 giant cockroaches
  5 goblins
  8 hobgoblins
  4 kobolds
  2 quokkas (D:1)
  4 bats
  3 frilled lizards
  6 rats
68 creatures vanquished.

Notes
Turn   | Place    | Note
-------+----------+-------------------------------------------
     0 | D:1      | Morbidden the Demonspawn Fighter began the quest for the
                  | Orb.
     0 | D:1      | Reached XP level 1. HP: 18/18 MP: 1/1
   187 | D:1      | Gained mutation: You sometimes gain a little power by
                  | taking damage. [demonic ancestry]
   187 | D:1      | Reached XP level 2. HP: 24/24 MP: 2/2
   288 | D:1      | Found Izxu's Distillery.
   830 | D:2      | Reached XP level 3. HP: 29/29 MP: 3/3
  1195 | D:2      | Noticed Terence
  1221 | D:2      | Reached XP level 4. HP: 5/37 MP: 4/4
  1248 | D:2      | Killed Terence
  1248 | D:2      | HP: 1/37 [gnoll (4)]
  1715 | D:2      | Found a runed translucent door.
  1716 | D:2      | Noticed Crazy Yiuf
  2036 | D:2      | Killed Crazy Yiuf
  2037 | D:2      | Reached XP level 5. HP: 25/42 MP: 5/5
  2426 | D:3      | Found a faded altar of an unknown god.
  2521 | D:3      | Noticed Jessica
  2525 | D:3      | Noticed Natasha
  2528 | D:3      | Killed Jessica
  2533 | D:3      | Killed Natasha
  2654 | D:3      | Noticed Natasha
  2664 | D:3      | Killed Natasha
  2750 | D:3      | Gained mutation: You have a pair of small antennae on your
                  | head. [demonic ancestry]
  2750 | D:3      | Reached XP level 6. HP: 38/48 MP: 6/6
  2804 | D:3      | Noticed Natasha
  2810 | D:3      | Killed Natasha
  2917 | D:3      | Noticed Grinder
  2920 | D:3      | Paralysed by Grinder for 7 turns
  2951 | D:3      | Killed Grinder
  2952 | D:3      | Reached skill level 1 in Dodging
  2952 | D:3      | Reached skill level 1 in Stealth
  3190 | D:4      | Found a snail-covered altar of Cheibriados.
  3197 | D:4      | Noticed Pikel
  3206 | D:4      | Became a worshipper of Cheibriados the Contemplative
  3223 | D:4      | HP: 1/49 [Pikel (2)]
  3223 | D:4      | Slain by Pikel

Illustrated notes

Levels and vault maps discovered:
D:1:      lightli_arrival_flooded_house, layout_basic, serial_shops, shop
D:2:      layout_basic, basic_altar, kennysheep_crisscross,
          guppyfry_early_orc_mine, uniq_terence, uniq_crazy_yiuf_cottage
D:3:      layout_basic, hellmonk_ecumenical_altar_blasted, uniq_grinder,
          uniq_natasha, uniq_jessica
D:4:      layout_basic, cheibriados_altar_1, uniq_pikel, uniq_eustachio

Skill      XL: |  1  2  3  4  5  6 |
---------------+-------------------+-----
Shields        | 3 |  3.2
Long Blades    | 2 3 4 |  4.9
Armour         | 3 |  3.2
Fighting       | 4 |  4.4
Dodging        | 1 |  1.3
Stealth        | 1 |  1.4
Throwing       | |  0.6
Evocations     | |  0.2

Action                   |  1- 3 |  4- 6 || total
-------------------------+-------+-------++-------
Melee: Long sword        |   102 |   109 ||   211
Throw: Dart              |     2 |    11 ||    13
Evoke: Wand              |     1 |    10 ||    11
 Stab: Paralysed         |     2 |    16 ||    18
       Invisible         |       |     4 ||     4
Armor: Scale mail        |    42 |    11 ||    53
       Chain mail        |       |    34 ||    34
Dodge: Dodged            |    41 |    25 ||    66
Block: Buckler           |    27 |    28 ||    55
